[Event "Team 45 45 League T51"]
[Site "Internet Chess Club"]
[Date "2011.11.13"]
[Round "1"]
[White "plutonas"]
[Black "parrot9"]
[Result "1-0"]
[WhiteElo "1384"]
[BlackElo "1513"]
[Opening "Four knights: Belgrade gambit"]
[ECO "C47"]
[Time "12:51:41"]
[TimeControl "2700+45"]

1. e4 e5 2. Nf3 Nc6 3. Nc3 Nf6 4. d4 exd4 5. Nd5 Bc5 6. Bg5 d6 7. Bxf6 gxf6 8.
Qd2 Be6 9. O-O-O Bxd5 10. exd5 Ne7 11. Nxd4 a6 12. Qh6 Qd7 13. Qxf6 O-O-O 14.
Nb3 Bb6 15. f3 Ng6 16. Bd3 Qa4 17. Kb1 Ne5 18. Bf5+ Kb8 19. Nd2 Rde8 20. Ne4 Nc4
21. b3 Qb4 22. Bd7 Rd8 23. c3 Na3+ 24. Kb2 Nc4+ 25. Ka1 Qa3 26. bxc4 Rhg8 27.
Bh3 Rde8 28. Rhe1 Ba5 29. Rc1 Rg6 30. Qf4 Re5 31. Qd2 Rg8 32. f4 Re7 33. Nf6
Rxe1 34. Qxe1 Rg6 35. Ne4 Rg8 36. Qd2 Re8 37. Bf5 Rg8 38. g4 h5 39. Nf6 Rh8 40.
g5 h4 41. h3 Rc8 42. g6 Rg8 43. Nxg8 {Black resigns} 1-0

[Event "Team 45 45 League T51"]
[Site "Internet Chess Club"]
[Date "2011.11.19"]
[Round "1"]
[White "Magagna"]
[Black "Deckfuel"]
[Result "0-1"]
[WhiteElo "1904"]
[BlackElo "2006"]
[Opening "Dutch with c4 & Nc3"]
[ECO "A85"]
[Time "01:36:36"]
[TimeControl "2700+45"]

1. d4 f5 2. c4 Nf6 3. Nc3 g6 4. Nf3 Bg7 5. e3 O-O 6. Bd3 d6 7. b4 Qe8 8. Qb3 c5
9. bxc5 dxc5 10. Ba3 Na6 11. O-O b6 12. Rfe1 Bb7 13. dxc5 Bxf3 14. cxb6 Bb7 15.
c5+ Kh8 16. Bb5 Qc8 17. Qc4 Nb8 18. Bb4 axb6 19. cxb6 Qxc4 20. Bxc4 Nc6 21. Rab1
Nxb4 22. Rxb4 Rfd8 23. Ne2 Nd5 24. Rbb1 Rd6 25. Bxd5 Rxd5 26. Nf4 Rd2 27. Rec1
Be5 28. Ne6 Raxa2 29. Rd1 Kg8 30. Rxd2 Rxd2 31. Nc5 Bc6 32. f4 Bb8 33. Na6 Rxg2+
34. Kf1 Rxh2 35. Rb3 Bd6 36. b7 Bxb7 37. Rxb7 h5 38. Nb8 Bxb8 39. Rxb8+ Kf7 40.
Rb6 e6 41. Rb7+ Kf6 42. Rb8 g5 43. Rf8+ Kg7 44. Re8 Kf7 45. Ra8 g4 46. Ra7+ Kf6
47. Ra8 h4 48. Rg8 h3 49. e4 Ra2 50. Kg1 Ra4 {White resigns} 0-1

[Event "Team 45 45 League T51"]
[Site "Internet Chess Club"]
[Date "2011.11.14"]
[Round "1"]
[White "Goli"]
[Black "Killian"]
[Result "1/2-1/2"]
[WhiteElo "1840"]
[BlackElo "2016"]
[Opening "Sicilian: Alapin's variation (2.c3)"]
[ECO "B22"]
[Time "16:40:11"]
[TimeControl "2700+45"]

1. e4 c5 2. c3 Nf6 3. e5 Nd5 4. d4 cxd4 5. cxd4 Nc6 6. Nf3 e6 7. Bc4 d6 8. O-O
dxe5 9. dxe5 Be7 10. Bxd5 Qxd5 11. Qxd5 exd5 12. h3 Be6 13. Be3 Nb4 14. Na3 a6
15. Rfd1 Rc8 16. Bd4 O-O 17. Bc3 b5 18. Nd4 Nc6 19. Nxc6 Rxc6 20. Nc2 Rc4 21.
Ne3 Rc6 22. Nxd5 Bxd5 23. Rxd5 b4 24. Bd4 Rfc8 25. a3 bxa3 26. bxa3 Rc1+ 27.
Rxc1 Rxc1+ 28. Kh2 Bxa3 29. Ra5 Rc4 30. Rxa3 Rxd4 31. Rxa6 g6 32. Kg3 Re4 33.
Ra5 g5 34. e6 h6 35. exf7+ Kxf7 36. Rf5+ Kg6 37. Rf8 h5 38. f4 gxf4+ 39. Rxf4
Re2 40. Kf3 Ra2 41. h4 Ra3+ 42. Kf2 Ra2+ 43. Kg3 Ra3+ 44. Rf3 Ra4 45. Kh3 Rb4
46. g3 Rd4 47. Rf8 Kg7 48. Rf5 Kg6 49. Rg5+ Kh6 50. Kg2 Ra4 {Game drawn by
mutual agreement} 1/2-1/2

[Event "Team 45 45 League T51"]
[Site "Internet Chess Club"]
[Date "2011.11.14"]
[Round "1"]
[White "SimplyClaudia"]
[Black "justice02"]
[Result "1-0"]
[WhiteElo "1730"]
[BlackElo "1751"]
[Opening "Dutch with c4 & Nc3"]
[ECO "A85"]
[Time "16:00:25"]
[TimeControl "2700+45"]

1. d4 f5 2. c4 Nf6 3. Nc3 g6 4. Nf3 Bg7 5. e3 O-O 6. Bd3 e6 7. O-O d6 8. b3 Nbd7
9. Bb2 e5 10. dxe5 dxe5 11. Bc2 e4 12. Nd4 Ne5 13. Nce2 Nfg4 14. h3 Qh4 15. Nf4
Rd8 16. g3 Qh6 17. Kg2 g5 18. Nd5 c6 19. Ne7+ Kf7 20. Nxc8 Raxc8 21. hxg4 Nxg4
22. Rh1 Qg6 23. Qc1 a6 24. b4 c5 25. bxc5 Rxc5 26. Bb3 Ne5 27. Ba3 Nd3 28. Qc2
b6 29. Rad1 f4 30. g4 Rd6 31. Qb1 Rf6 32. Rd2 Ne5 33. Qd1 f3+ 34. Kg3 Nd7 35.
Bxc5 Nxc5 36. Bc2 Rd6 37. Kh2 h5 38. Nf5 Nd3 39. Bxd3 Be5+ 40. Kg1 hxg4 41.
Nxd6+ Qxd6 42. Bxe4 Qf6 43. Rd7+ Ke8 44. Qd5 g3 45. Rh8+ Qxh8 46. Qf7# {Black
checkmated} 1-0

[Event "Team 45 45 League T51"]
[Site "Internet Chess Club"]
[Date "2011.11.14"]
[Round "1"]
[White "randallsr"]
[Black "ILRE"]
[Result "0-1"]
[WhiteElo "1694"]
[BlackElo "1713"]
[Opening "Réti opening"]
[ECO "A05"]
[Time "12:12:26"]
[TimeControl "2700+45"]

1. Nf3 Nf6 2. b3 e6 3. c4 d5 4. cxd5 exd5 5. Bb2 Be7 6. g3 O-O 7. Bg2 Bg4 8. O-O
c6 9. d3 Nbd7 10. Nbd2 h6 11. a3 Re8 12. Re1 Bd6 13. Qc2 Bf5 14. e4 dxe4 15.
Nxe4 Nxe4 16. dxe4 Bg6 17. Rad1 Qc7 18. Qd2 Be5 19. Nxe5 Nxe5 20. Qd6 Qxd6 21.
Rxd6 f6 22. Bxe5 Rxe5 23. f3 Re7 24. Red1 Be8 25. Bf1 Kf8 26. Kf2 c5 27. Rd8
Rxd8 28. Rxd8 Rd7 29. Rxd7 Bxd7 30. a4 Be6 31. Bc4 Bxc4 32. bxc4 Ke7 33. Ke3 g5
34. h3 Kd6 35. h4 b6 36. hxg5 hxg5 37. f4 Ke6 38. a5 bxa5 39. Kd3 gxf4 40. gxf4
Kf7 41. Kc3 Kg6 42. Kb3 Kh5 43. Ka4 Kg4 44. e5 fxe5 45. fxe5 Kf5 46. Kb5 a4 47.
e6 Kxe6 48. Kxa4 Ke5 49. Ka5 Kd4 50. Kb5 a6+ {White resigns} 0-1